 Dungeon Crawl Stone Soup version 0.24.0-2-g5b39cebb1c (webtiles) character file.

Game seed: 13884985290538523699, levelgen mode: deterministic

2758 Gynju the Thaumaturge (level 9, 0/67 HPs)
             Began as a Deep Elf Fire Elementalist on Oct 29, 2019.
             Was a Follower of Vehumet.
             Succumbed to a worker ant's poison
             ... on level 6 of the Dungeon.
             The game lasted 00:18:22 (8263 turns).

Gynju the Thaumaturge (Deep Elf Fire Elementalist)  Turns: 8263, Time: 00:18:23

Health: 0/67       AC: 10    Str: 10    XL:     9   Next: 41%
Magic:  24/24      EV: 18    Int: 24    God:    Vehumet [*.....]
Gold:   269        SH:  0    Dex: 18    Spells: 13/26 levels left

rFire    . . .     SeeInvis .   s - +3 trident "Tormentor" {venom, *Noise +Fly rElec Dex+3}
rCold    . . .     Gourm    .   (no shield)
rNeg     . . .     Faith    .   z - +2 robe {Archmagi}
rPois    .         Spirit   .   (no helmet)
rElec    +         Reflect  .   (no cloak)
rCorr    .         Harm     .   (no gloves)
MR       .....                  (no boots)
Stlth    ..........             (no amulet)
HPRegen  0.21/turn              r - +6 ring of protection
MPRegen  0.19/turn              e - ring of wizardry

@: berserking (expiring), lethally poisoned (0 -> -1), very quick
A: no striking features
a: Renounce Religion, Evoke Flight


You were on level 6 of the Dungeon.
You worshipped Vehumet.
Vehumet was aware of your devotion.
You were not hungry.

You visited 2 branches of the dungeon, and saw 8 of its levels.
You also visited: Sewer.

You collected 269 gold pieces.

Inventory:

Hand Weapons
 s - the +3 trident "Tormentor" (weapon) {venom, *Noise +Fly rElec Dex+3}
   (You found it on level 4 of the Dungeon)

   It poisons the flesh of those it strikes.
   It affects your dexterity (+3).
   It insulates you from electricity.
   It lets you fly.
   It may make noises in combat.
 A - a +2 short sword of protection
Missiles
 l - 18 poisoned darts
 m - 60 stones (quivered)
Armour
 a - a +2 robe of cold resistance
 i - a +2 robe of positive energy
 o - the +0 robe "Otiblina" {rElec rN+}
   (You found it on level 6 of the Dungeon)

   It insulates you from electricity.
   It protects you from negative energy.
 z - a +2 robe of the Archmagi (worn)
Magical Staves
 u - an uncursed staff of power
 y - an uncursed staff of death
Jewellery
 e - a ring of wizardry (right hand)
 f - an uncursed ring of protection from fire
 n - an uncursed ring of fire
 r - a +6 ring of protection (left hand)
 v - an uncursed ring of stealth
Wands
 x - a wand of flame (15)
Scrolls
 b - a scroll of amnesia
Potions
 d - a potion of haste
 g - 7 potions of curing {@q1}
 h - a potion of berserk rage
 k - a potion of might
 p - 2 potions of agility {unknown}
 q - a potion of flight
 t - a potion of cancellation
 w - a potion of brilliance {unknown}
Comestibles
 c - 10 rations
 B - 3 chunks of flesh


   Skills:
 + Level 8.1 Dodging
 - Level 2.4 Stealth
 + Level 9.0 Spellcasting
 + Level 7.1 Conjurations
 + Level 7.8 Fire Magic


You had 13 spell levels left.
You knew the following spells:

 Your Spells              Type           Power        Failure   Level  Hunger
a - Flame Tongue          Conj/Fire      #####        1%          1    None
b - Conjure Flame         Conj/Fire      ######..     1%          3    None
c - Sticky Flame          Conj/Fire      ######..     1%          4    ##.....
d - Fireball              Conj/Fire      ######....   3%          5    ####...

Your spell library contained the following spells:

 Spells                   Type           Power        Failure   Level  Hunger
 Sting                    Conj/Pois      ####         1%          1    None
 Magic Dart               Conj           ####         1%          1    None
 Searing Ray              Conj           ######       1%          2    None
 Throw Flame              Conj/Fire      ######       1%          2    None
 Dazzling Spray           Conj/Hex       #####.       1%          3    None
 Inner Flame              Hex/Fire       #####...     1%          3    None
 Iskenderun's Mystic Bla  Conj           ######..     1%          4    ##.....
 Ignite Poison            Fire/Tmut/Pois #####...     2%          3    None
 Force Lance              Conj/Tloc      #####...     6%          4    ##.....
 Fulminant Prism          Conj/Hex       #####.....   6%          4    ##.....
 Bolt of Fire             Conj/Fire      ######....   16%         6    ######.
 Ring of Flames           Chrm/Fire      #####.....   98%         7    #######
 Ignition                 Fire           ######....   99%         8    #######


Dungeon Overview and Level Annotations

Branches:
Dungeon (7/15)             Temple (1/1) D:6           Sewer (visited)

Altars:
Cheibriados
Dithmenos
Fedhas
Gozag
Makhleb
Okawaru
Ru
Sif Muna
Trog
Vehumet
Wu Jian
Yredelemnul
The Shining One

Shops:
D:5 :

Annotations:
D:6 Dowan, Duvessa


Message History

The hippogriff bites you.
* * * LOW HITPOINT WARNING * * *
The hippogriff pecks you.
* * * LOW HITPOINT WARNING * * *
The hippogriff closely misses you. The hound barely misses you.
You puncture the hound!
The hound looks as sick as possible!
The hound is severely wounded.
The hippogriff bites you but does no damage.
The hippogriff pecks you but does no damage.
The hippogriff claws you.
* * * LOW HITPOINT WARNING * * *
The hound barely misses you.
You puncture the hound!
You kill the hound!
Vehumet accepts your kill.
The hippogriff closely misses you. x2; The hippogriff barely misses you.
Duvessa shouts!
Found a shadowy altar of Dithmenos.
You feel a strong urge to attack something.
You die...

..###.###.# #.#####
....#.#...# #.....#
..........# #####.#
....#.#...# #.#
..##..[#..#############.#
.....[..................#
...#...#....##########..####
..###.##....#######†.......#
......##........@.H..#.#.#.#
#.........#########........#
#.#######.# ##_## ##.#.#.#.#
.#........##8e..8 #.......#
.###########..... #.#.#.#.#
.## #_..e. #.......#
#.##########.... ####..#..#
#.........##8... #....[..##
...#########... ####..###


You could see a hippogriff, Duvessa and Dowan (wandering).

Vanquished Creatures
  A hippogriff (D:7)
  Prince Ribbit (D:7)
  Sigmund (D:3)
  Menkaure (D:6)
  A water moccasin (D:5)
  An orc warrior (D:6)
  A black bear (D:6)
  2 ice beasts
  An ogre (D:5)
  A phantom (D:5)
  A centaur (D:5)
  2 bullfrogs (Sewer)
  A wyvern skeleton (D:6)
  A scorpion (D:4)
  4 howler monkeys
  3 wights (D:7)
  2 jellies
  3 hounds
  2 orc priests
  5 orc wizards
  A bullfrog skeleton (D:5)
  3 iguanas
  5 worker ants
  A killer bee zombie (D:7)
  3 hound skeletons
  4 gnolls
  8 adders
  2 howler monkey skeletons (D:6)
  A shadow imp (D:5)
  An ooze (D:7)
  A worm (D:5)
  9 leopard geckos
  20 orcs
  3 ball pythons
  8 bats
  9 giant cockroaches
  2 goblins
  7 hobgoblins
  2 jackals (D:3)
  5 kobolds
  4 quokkas
  10 frilled lizards
  A leopard gecko skeleton (D:4)
  5 rats
150 creatures vanquished.

Notes
Turn   | Place    | Note
-------+----------+-------------------------------------------
     0 | D:1      | Gynju the Deep Elf Fire Elementalist began the quest for
                  | the Orb.
     0 | D:1      | Reached XP level 1. HP: 10/10 MP: 6/6
   273 | D:1      | Reached XP level 2. HP: 15/15 MP: 6/8
   959 | D:2      | Found a basalt altar of Yredelemnul.
   970 | D:2      | Found a glowing golden altar of the Shining One.
   972 | D:2      | Noticed an angel
  1244 | D:2      | Reached XP level 3. HP: 19/19 MP: 8/10
  1249 | D:2      | Learned a level 3 spell: Conjure Flame
  1697 | D:2      | Reached XP level 4. HP: 16/24 MP: 8/11
  1703 | D:2      | Learned a level 4 spell: Sticky Flame
  1894 | D:2      | Reached skill level 4 in Spellcasting
  2409 | D:3      | Noticed Sigmund
  2417 | D:3      | Killed Sigmund
  2417 | D:3      | Reached XP level 5. HP: 6/28 MP: 1/14
  2417 | D:3      | Reached XP level 6. HP: 7/32 MP: 1/15
  2740 | D:3      | Reached skill level 5 in Spellcasting
  3526 | D:4      | Found a glowing drain.
  3537 | Sewer    | Entered a sewer
  3546 | Sewer    | Reached skill level 5 in Fire Magic
  3928 | Sewer    | Reached skill level 5 in Dodging
  3934 | Sewer    | Reached XP level 7. HP: 12/36 MP: 6/17
  4558 | D:4      | Reached skill level 6 in Spellcasting
  4935 | D:4      | Got a shimmering trident
  5050 | D:4      | Identified the +3 trident "Tormentor" {venom, *Noise +Fly
                  | rElec Dex+3} (You found it on level 4 of the Dungeon)
  5091 | D:5      | Entered Level 5 of the Dungeon
  5534 | D:5      | Found Huckyina's Book Shoppe.
  5551 | D:5      | Reached skill level 5 in Conjurations
  5551 | D:5      | Reached XP level 8. HP: 41/41 MP: 20/20
  5639 | D:5      | Reached skill level 7 in Spellcasting
  5679 | D:5      | Found an iron altar of Okawaru.
  6323 | D:5      | Found a blossoming altar of Fedhas.
  6484 | D:6      | Got a fine robe
  6485 | D:6      | Identified the +0 robe "Otiblina" {rElec rN+} (You found it
                  | on level 6 of the Dungeon)
  6550 | D:6      | Found a bloodstained altar of Trog.
  6569 | D:6      | Found an opulent altar of Gozag.
  6658 | D:6      | Learned a level 5 spell: Fireball
  6718 | D:6      | Found an ornate altar of the Wu Jian Council.
  6742 | D:6      | Found a staircase to the Ecumenical Temple.
  6746 | Temple   | Entered the Ecumenical Temple
  6755 | Temple   | Became a worshipper of Vehumet
  7131 | D:6      | Reached skill level 8 in Spellcasting
  7177 | D:6      | Noticed Menkaure
  7370 | D:6      | Killed Menkaure
  7370 | D:6      | Reached XP level 9. HP: 45/45 MP: 23/23
  7752 | D:7      | Noticed Prince Ribbit
  7758 | D:7      | Killed Prince Ribbit
  8040 | D:7      | Reached * piety under Vehumet
  8040 | D:7      | Offered knowledge of Sting by Vehumet.
  8186 | D:7      | Reached skill level 9 in Spellcasting
  8259 | D:6      | HP: 2/67 [hippogriff (3)]
  8262 | D:6      | Found a shadowy altar of Dithmenos.
  8262 | D:6      | Noticed Duvessa
  8263 | D:6      | Noticed Dowan
  8263 | D:6      | Succumbed to a worker ant's poison

Levels and vault maps discovered:
D:1:      lemuel_arrival_cross, layout_loops_ring,
          chequers_serial_rivers_room_a, chequers_serial_rivers_micro_e,
          kennysheep_crisscross, chequers_serial_rivers_micro_e, minmay_domino_4
D:2:      layout_loops_ring, grunt_temple_overflow_holy_war,
          kennysheep_generic_room_16
D:3:      minmay_inner_zag, layout_basic, uniq_sigmund
D:4:      layout_loops_cross, portal_sewer_entry_d, first_ration,
          minmay_statues_item
D:5:      layout_loops_corners, marbit_many_paths, basic_altar, serial_shops,
          nicolae_shop_behind_doors
D:6:      layout_loops_ring, lemuel_crystal_altar,
          nicolae_overflow_hidden_temple, minmay_temple_entry_steel_oval,
          serial_glass, glass_columns_a, glass_columns_b, due_unseen_surprise,
          item_on_display_a, minmay_strange_pillars, feat_on_display,
          uniq_duvessa, uniq_menkaure
D:7:      layout_basic, nicolae_overflow_crystal_walls,
          eat_drink_and_be_merry_uskayaw, uniq_prince_ribbit1
Temple:   dpeg_three_leaves_temple

Skill      XL: |  1  2  3  4  5  6  7  8  9 |
---------------+----------------------------+-----
Dodging        | 3 4 5 6 7 8 |  8.1
Conjurations   | 2 3 4 5 6 7 |  7.1
Fire Magic     | 4 5 6 7 |  7.8
Spellcasting   | 4 5 6 8 9 |  9.0
Stealth        | |  2.4

Action                   |  1- 3 |  4- 6 |  7- 9 || total
-------------------------+-------+-------+-------++-------
Melee: Unarmed           |     4 |       |       ||     4
       Club              |     1 |       |       ||     1
       Short sword       |     1 |     8 |       ||     9
       Staff             |       |       |     2 ||     2
       Trident           |       |       |    12 ||    12
Throw: Stone             |       |     7 |    13 ||    20
 Cast: Flame Tongue      |    55 |    93 |   256 ||   404
       Conjure Flame     |     1 |       |     5 ||     6
       Sticky Flame      |       |       |     2 ||     2
  Use: Scroll            |     3 |     5 |    10 ||    18
       Potion            |       |       |     2 ||     2
 Stab: Sleeping          |       |     2 |       ||     2
  Eat: Chunk             |     2 |     7 |    13 ||    22
Armor: Robe              |     3 |    11 |    36 ||    50
Dodge: Dodged            |    27 |    34 |   102 ||   163
